 Dungeon Crawl Stone Soup version 0.30.1-3-gfc49f6343a (webtiles) character file.

Game seed: 3734689969521805406

20597 cdecastro the Convoker (level 12, -1/97 HPs)
             Began as a Merfolk Summoner on July 26, 2023.
             Was an Initiate of Gozag.
             Hit by a large rock thrown by a cyclops (23 damage)
             ... on level 11 of the Dungeon.
             The game lasted 01:01:06 (17879 turns).

cdecastro the Convoker (Merfolk Summoner)          Turns: 17879, Time: 01:01:06

Health: -1/97      AC: 11    Str:  9    XL:     12   Next: 81%
Magic:  24/29      EV: 18    Int: 28    God:    Gozag
Gold:   843        SH:  0    Dex: 14    Spells: 0/22 levels left

rFire   . . .        b - +11 Screaming Sword {sonic wave}
rCold   + . .        (no shield)
rNeg    . . .        A - +0 leather armour "Vercha Juthre" {Rampage rC+ Int+6}
rPois   +            Y - +2 helmet {Int+3}
rElec   .            i - +0 cloak
rCorr   +            Z - +2 pair of gloves
SInv    .            y - +0 pair of boots "Dojiuhu" {Rampage rPois}
Will    .....        r - amulet of magic regeneration
Stlth   +++          p - ring of resist corrosion
HPRegen 0.36/turn    u - ring of magical power
MPRegen 0.61/turn

%: rampage
@: gold aura, on berserk cooldown, slowed, studying Ranged Weapons, very slow
A: (nimble swimmer 2), mertail
a: Renounce Religion, Potion Petition, Call Merchant, Bribe Branch


You were on level 11 of the Dungeon.
You worshipped Gozag.
Gozag was pleased with you.
You visited 2 branches of the dungeon, and saw 12 of its levels.
You also visited: Sewer.

You collected 2812 gold pieces.
You spent 1945 gold pieces at shops.
You paid 24 gold pieces to Gozag.

Inventory:

Hand Weapons
 a - a +1 short sword of speed
 b - the +11 Screaming Sword (weapon) {sonic wave}
   (You found it on level 9 of the Dungeon)
 c - the +7 dagger "Juimi Jigio" {flame, *Rage Int+5 Dex+5}
   (You found it on level 5 of the Dungeon)

   Int:       It affects your intelligence (+5).
   Dex:       It affects your dexterity (+5).
   *Rage:     It berserks you when you make melee attacks (+20% chance).
 n - a +2 trident of venom
Missiles
 l - 3 boomerangs of dispersal
 m - 11 boomerangs
 x - a throwing net
 D - 3 atropa-tipped darts
 U - a curare-tipped dart
Armour
 i - a +0 cloak (worn)
 y - the +0 pair of boots "Dojiuhu" (worn) {Rampage rPois}
   (You bought it in a shop on level 3 of the Dungeon)

   rPois:     It protects you from poison.
   Rampage:   It bestows one free step when moving towards enemies.
 A - the +0 leather armour "Vercha Juthre" (worn) {Rampage rC+ Int+6}
   (You bought it in a shop on level 3 of the Dungeon)

   Int:       It affects your intelligence (+6).
   rC:        It protects you from cold.
   Rampage:   It bestows one free step when moving towards enemies.
 Y - a +2 helmet of intelligence (worn)
 Z - a +2 pair of gloves (worn)
Magical Staves
 V - a staff of poison
Jewellery
 p - a ring of resist corrosion (left hand)
 r - an amulet of magic regeneration (around neck)
 u - a ring of magical power (right hand)
 E - a ring of willpower
 I - a ring of protection from fire
 Q - a ring of ice
Wands
 g - a wand of polymorph (9)
 q - a wand of paralysis (9)
 W - a wand of digging (3)
Scrolls
 h - 2 scrolls of amnesia
 k - 11 scrolls of teleportation
 o - 2 scrolls of blinking
 s - 8 scrolls of magic mapping
 v - 3 scrolls of vulnerability
 w - 4 scrolls of immolation
 B - 4 scrolls of enchant weapon
 J - 2 scrolls of fog
 K - 2 scrolls of brand weapon
 L - 2 scrolls of fear
 M - a scroll of silence
 P - 3 scrolls of enchant armour
 R - a scroll of poison
 X - a scroll of butterflies
Potions
 d - 2 potions of brilliance
 e - a potion of ambrosia
 f - a potion of berserk rage
 j - 5 potions of curing
 t - 2 potions of resistance
 z - 2 potions of lignification
 C - 2 potions of cancellation
 F - 2 potions of magic
 G - a potion of mutation
 H - a potion of invisibility
 N - a potion of might
 O - 2 potions of heal wounds
 S - a potion of flight
 T - a potion of haste


   Skills:
 - Level 10.0 Fighting
 + Level 14.0 Dodging
 - Level 5.0 Stealth
 - Level 5.7 Spellcasting
 - Level 15.0 Summonings


You couldn't memorise any spells.
You knew the following spells:

 Your Spells              Type           Power      Damage    Failure   Level
a - Summon Small Mammal   Summ           100%       N/A       1%          1
b - Call Imp              Summ           100%       N/A       1%          2
c - Call Canine Familiar  Summ           75%        N/A       1%          3
d - Summon Guardian Gole  Hex/Summ       49%        N/A       1%          3
e - Summon Lightning Spi  Summ/Air       49%        N/A       4%          4
f - Petrify               Tmut/Erth      7%         N/A       65%         4
g - Irradiate             Conj/Tmut      3%         3d12      94%         5

Your spell library contained the following spells:

 Spells                   Type           Power      Damage    Failure   Level
 Sandblast                Erth           14%        2d6       9%          1
 Ensorcelled Hibernation  Hex/Ice        14%        N/A       13%         2
 Passwall                 Tmut/Erth      5%         N/A       13%         2
 Static Discharge         Conj/Air       14%        2-3/arc   13%         2
 Sublimation of Blood     Necr           7%         N/A       13%         2
 Stone Arrow              Conj/Erth      14%        3d7       26%         3
 Swiftness                Air            7%         N/A       26%         3
 Airstrike                Air            3%         2d(1-17)  65%         4


Dungeon Overview and Level Annotations

Branches:
Dungeon (11/15)            Temple (1/1) D:7            Lair (0/5) D:10
  Sewer (visited)
    Orc: D:9-12

Altars:
Ashenzari
Cheibriados
Dithmenos
Elyvilon
Fedhas
Gozag
Hepliaklqana
Kikubaaqudgha
Makhleb
Nemelex Xobeh
Okawaru
Qazlal
Ru
Sif Muna
Trog
Uskayaw
Vehumet
Wu Jian
Xom
Yredelemnul
Zin
The Shining One

Shops:
D:3 *[[*   D:5 =[   D:7 [

Annotations:
D:3 vault need dig, vault need fire
D:10 2 runed translucent doors, spardeous's ghost, novice DgEE


Innate Abilities, Weirdness & Mutations

((You are very nimble when in or above water. (Stealth+, EV+, Speed+++)))
Your lower body shifts to a powerful aquatic tail in water.


Message History

Unknown command.
You slash the yak!
The yak is severely wounded.
You are no longer berserk.
You are exhausted.
You feel yourself slow down. The yak misses you.
Unknown command.
You slice the yak!!
You kill the yak!
The yak closely misses you.
Unknown command.
You slash the yak!
The yak is moderately wounded.
The yak misses you.
The cyclops throws a large rock.
The large rock hits you!
A troll comes into view.
The yak barely misses you.
Unknown command.
You completely miss the yak.
The yak is moderately wounded.
The yak gores you but does no damage.
The cyclops throws a large rock.
The large rock misses you. The yak closely misses you.
The cyclops throws a large rock.
The large rock barely misses you.
Unknown command.
Casting: Call Canine Familiar (safe; 1% risk of failure)
Confirm with . or Enter, or press ? or * to list all spells.
An electric hum fills the air.
The yak gores you but does no damage.
The cyclops throws a large rock.
The large rock hits you!!!
* * * LOW HITPOINT WARNING * * *
The yak gores you!
* * * LOW HITPOINT WARNING * * *
Casting: Summon Lightning Spire (dangerous; 4% risk of failure)
Confirm with . or Enter, or press ? or * to list all spells.
The yak gores you.
* * * LOW HITPOINT WARNING * * *
The troll bites your lightning spire but does no damage.
The troll claws your lightning spire but does no damage.
The troll barely misses your lightning spire.
The cyclops throws a large rock.
The large rock hits you!!
You die...
Your body crumbles into a pile of gold.

#.....##...##.#...###....
#......................#.
#......#...#...#...#...#.
#.......#...#...#...#..##
#........#...#...#...#...
####....#...#...#...#...#
#...#...#...#...#.....
#....h................
#....@#...#...#...#...
#....#Y..#...#...#..##
#...#.8.#...#...#.....
#..CY#.T.#...#.. #..##
#..#..ยง#...#...# #...
#.##............. .## #.
#.#C..#...#... . #
#..#...#...#..
#...#..$#...#


You could see a cyclops, a yak (ally target), a troll (ally target), a friendly
warg (summoned) and a friendly lightning spire (summoned).

Vanquished Creatures
  A gargoyle (D:11)
  An unseen horror (D:11)
  A freezing wraith (D:11)
  A komodo dragon (D:11)
  A wyvern (D:8)
  4 yaks (D:11)
  A black bear (D:4)
  2 centaurs
  A phantom (D:5)
  A scorpion (D:9)
  A killer bee (D:7)
  A howler monkey (D:9)
  A hound (D:5)
  A sleepcap (D:5)
  Jessica (D:3)
  2 iguanas
  An orc wizard (D:4)
  A gnoll (D:5)
  2 adders
  A river rat (Sewer)
  2 worms
  3 orcs
  2 endoplasms
  A giant cockroach (D:2)
  3 hobgoblins
  2 jackals
  A quokka (D:3)
  3 ball pythons
  6 bats
  4 frilled lizards
  4 goblins
  4 kobolds
  6 rats
67 creatures vanquished.

Vanquished Creatures (collateral kills)
  Gastronok (D:9)
  2 centaur warriors (D:11)
  A two-headed ogre (D:9)
  A boulder beetle (D:11)
  Amaemon (D:9)
  2 cyclopes (D:11)
  An orange demon (D:9)
  An efreet (D:10)
  2 komodo dragons (D:10)
  A troll (D:10)
  A meliai (D:11)
  2 shadows (D:9)
  5 wyverns
  A wraith (D:11)
  A basilisk (D:10)
  2 sky beasts
  5 orc warriors
  A black bear (D:5)
  A swamp drake (D:10)
  10 centaurs
  A phantom (D:6)
  3 kobold brigands
  3 bullfrogs
  2 gnoll sergeants
  6 scorpions
  10 wights
  19 killer bees
  A howler monkey (D:9)
  4 hounds
  A jelly (D:4)
  9 orc priests
  Crazy Yiuf (D:3)
  Ijyb (D:3)
  4 orc wizards
  2 sleepcaps
  2 iguanas
  Natasha (D:3)
  13 gnolls
  6 river rats
  15 adders
  2 shadow imps
  A white imp (D:5)
  8 worms (D:6)
  3 dart slugs
  24 orcs
  9 ball pythons
  5 bats
  6 endoplasms
  2 giant cockroaches (D:1)
  3 goblins
  2 hobgoblins
  8 jackals
  6 kobolds
  A quokka (D:5)
  6 frilled lizards
  3 rats (Sewer)
235 creatures vanquished.

Vanquished Creatures (others)
  A boulder beetle (D:10)
  A two-headed ogre (D:11)
  A hornet (D:5)
  Grinder (D:4)
  2 black bears
  An ice beast (D:5)
  An orc warrior (D:6)
  A killer bee (D:7)
  An orc wizard (D:7)
  An orc (D:6)
11 creatures vanquished.

Grand Total: 313 creatures vanquished

Notes
Turn   | Place    | Note
-------+----------+-------------------------------------------
     0 | D:1      | cdecastro the Merfolk Summoner began the quest for the Orb.
     0 | D:1      | Reached XP level 1. HP: 13/13 MP: 3/3
   275 | D:1      | Reached XP level 2. HP: 17/19 MP: 5/5
   933 | D:1      | Reached XP level 3. HP: 12/24 MP: 4/6
  1120 | D:2      | Found an opulent altar of Gozag.
  1172 | D:2      | Became a worshipper of Gozag Ym Sagoz the Greedy
  1193 | D:2      | Reached skill level 5 in Summonings
  1289 | D:1      | Learned a level 2 spell: Call Imp
  1293 | D:1      | Learned a level 3 spell: Call Canine Familiar
  1678 | D:2      | Reached XP level 4. HP: 21/30 MP: 4/7
  2297 | D:3      | Reached skill level 6 in Summonings
  2349 | D:3      | Reached XP level 5. HP: 33/35 MP: 4/8
  2690 | D:3      | Noticed Natasha
  2708 | D:3      | Found Butosane's Antique Armour Boutique.
  2842 | D:3      | Found Qowomuza's Assorted Antiques.
  2843 | D:3      | Found Vihya's Antique Armour Emporium.
  2854 | D:3      | Bought a puce potion for 29 gold pieces
  2854 | D:3      | Bought a scroll labelled ZIYPOTU BUFANK for 33 gold pieces
  2854 | D:3      | Bought a silver ring for 165 gold pieces
  2857 | D:3      | Noticed Ijyb
  2881 | D:3      | Killed Ijyb
  2957 | D:3      | Found Vagarr's General Store.
  2957 | D:3      | Noticed Jessica
  2990 | D:3      | Killed Jessica
  2991 | D:3      | Reached skill level 7 in Summonings
  2991 | D:3      | Reached XP level 6. HP: 29/41 MP: 3/9
  3056 | D:3      | Bought a scroll of identify for 28 gold pieces
  3056 | D:3      | Bought a scroll of teleportation for 42 gold pieces
  3072 | D:3      | Found Pegir's Magic Scroll Emporium.
  3137 | D:3      | HP: 1/41 [bullfrog (4)]
  3331 | D:3      | Found a glowing golden altar of the Shining One.
  3331 | D:3      | Found a glowing silver altar of Zin.
  3331 | D:3      | Found a white marble altar of Elyvilon.
  3384 | D:3      | Found a faded altar of an unknown god.
  3415 | D:3      | Killed Natasha
  3655 | D:3      | Found a runed translucent door.
  3656 | D:3      | Noticed Crazy Yiuf
  3741 | D:4      | Noticed Grinder
  3752 | D:4      | Paralysed by Grinder for 4 turns
  3894 | D:3      | Learned a level 3 spell: Summon Guardian Golem
  4251 | D:4      | You fall into a shaft and drop 1 floor!
  4251 | D:5      | Entered Level 5 of the Dungeon
  4303 | D:5      | Noticed an ice beast
  4408 | D:4      | Noticed a black bear
  4425 | D:4      | Killed a black bear
  4426 | D:4      | Reached skill level 8 in Summonings
  4426 | D:4      | Reached XP level 7. HP: 46/46 MP: 4/10
  4517 | D:4      | Paralysed by Grinder for 3 turns
  4620 | D:4      | Paralysed by Grinder for 3 turns
  4745 | D:4      | Killed Grinder
  4746 | D:4      | Reached skill level 9 in Summonings
  4863 | D:4      | Noticed a shadow
  4866 | D:4      | Found a shadowy altar of Dithmenos.
  4867 | D:4      | Found a hazy altar of Hepliaklqana.
  5262 | D:4      | Reached XP level 8. HP: 20/52 MP: 8/11
  5973 | D:5      | Reached skill level 10 in Summonings
  6374 | D:5      | Found Zyuc's Jewellery Shop.
  6472 | D:5      | Reached skill level 11 in Summonings
  6842 | D:5      | Identified the +7 dagger "Juimi Jigio" {flame, *Rage Int+5
                  | Dex+5}
  6922 | D:5      | Found Toowoc's Armour Emporium.
  7086 | D:5      | Noticed a hornet
  7092 | D:5      | Reached XP level 9. HP: 57/57 MP: 8/12
  7096 | D:5      | Killed a hornet
  7097 | D:5      | Reached skill level 12 in Summonings
  7241 | D:3      | Bought a pair of jewelled boots for 228 gold pieces
  7241 | D:3      | Identified the +0 pair of boots "Dojiuhu" {Rampage rPois}
                  | (You bought it in a shop on level 3 of the Dungeon)
  7290 | D:3      | Bought a polished leather armour for 140 gold pieces
  7290 | D:3      | Identified the +0 leather armour "Vercha Juthre" {Rampage
                  | rC+ Int+6} (You bought it in a shop on level 3 of the
                  | Dungeon)
  7721 | D:4      | Found a basalt altar of Yredelemnul.
  7727 | D:4      | Found a sacrificial altar of Ru.
  7728 | D:4      | Found an iron altar of Okawaru.
  7729 | D:4      | Found a broken altar of Ashenzari.
  7730 | D:4      | Found a bloodstained altar of Trog.
  7732 | D:4      | Found a blossoming altar of Fedhas.
  8233 | D:6      | Found a glowing drain.
  8247 | Sewer    | Entered a sewer
  8651 | Sewer    | Reached skill level 13 in Summonings
 10037 | D:7      | Reached skill level 14 in Summonings
 10160 | D:7      | Found a radiant altar of Vehumet.
 10188 | D:7      | Reached XP level 10. HP: 17/63 MP: 7/13
 10422 | D:7      | Found a staircase to the Ecumenical Temple.
 10804 | D:5      | Learned a level 4 spell: Summon Lightning Spire
 10860 | D:3      | Bought a scroll of identify for 28 gold pieces
 10860 | D:3      | Bought a scroll of immolation for 56 gold pieces
 10860 | D:3      | Bought a scroll of brand weapon for 133 gold pieces
 10860 | D:3      | Bought a scroll of enchant weapon for 105 gold pieces
 10860 | D:3      | Bought a scroll of enchant armour for 105 gold pieces
 10860 | D:3      | Bought a scroll of identify for 28 gold pieces
 10860 | D:3      | Bought a scroll of identify for 28 gold pieces
 10860 | D:3      | Bought a scroll of magic mapping for 105 gold pieces
 10860 | D:3      | Bought 3 scrolls of identify for 84 gold pieces
 10871 | D:3      | Reached skill level 5 in Spellcasting
 10871 | D:3      | Reached XP level 11. HP: 68/68 MP: 13/19
 11003 | D:3      | Killed Crazy Yiuf
 11402 | D:7      | Found Alupp's Armour Shoppe.
 11922 | D:8      | Reached skill level 1 in Fighting
 12692 | D:8      | Reached skill level 15 in Summonings
 12922 | D:9      | Noticed Amaemon
 13046 | D:9      | Found the +11 Singing Sword {sonic wave}
 13155 | D:9      | Killed Amaemon
 13301 | D:9      | Reached skill level 5 in Fighting
 13316 | D:9      | Noticed Gastronok
 13336 | D:9      | Killed Gastronok
 13436 | D:9      | Noticed a two-headed ogre
 13450 | D:9      | Killed a two-headed ogre
 13629 | D:9      | Found a shimmering blue altar of Sif Muna.
 14144 | D:10     | Entered Level 10 of the Dungeon
 14374 | D:10     | Found a runed translucent door.
 14374 | D:10     | Noticed a skeletal warrior
 14374 | D:10     | Noticed a necromancer
 14375 | D:10     | Noticed a purple ugly thing
 14376 | D:10     | Found a runed translucent door.
 14377 | D:10     | Noticed a skeletal warrior
 14377 | D:10     | Noticed an ettin
 14378 | D:10     | Noticed a lich
 14379 | D:10     | Noticed spardeous's ghost (novice DgEE)
 14630 | D:10     | Reached XP level 12. HP: 73/92 MP: 20/20
 14773 | D:10     | Reached skill level 5 in Stealth
 14992 | D:10     | Found a staircase to the Lair.
 15188 | D:10     | Found a hide-covered altar of Uskayaw.
 15252 | D:10     | Noticed an iron troll
 15317 | D:10     | Noticed a dire elephant
 15519 | D:7      | Bought a +2 helmet of intelligence for 344 gold pieces
 15519 | D:7      | Bought a +2 pair of gloves for 264 gold pieces
 15660 | D:10     | Noticed a minotaur
 15796 | Temple   | Entered the Ecumenical Temple
 16236 | D:11     | Noticed a boulder beetle
 16263 | D:10     | Killed a boulder beetle
 16584 | D:11     | Noticed a centaur warrior
 16598 | D:11     | Killed a centaur warrior
 16599 | D:11     | Reached skill level 10 in Fighting
 16677 | D:11     | Learned a level 4 spell: Petrify
 16683 | D:11     | Learned a level 5 spell: Irradiate
 16752 | D:11     | Noticed a centaur warrior
 17254 | D:10     | Noticed an alligator
 17262 | D:10     | an alligator changed into a deep troll
 17320 | D:11     | Killed a centaur warrior
 17486 | D:11     | Noticed a boulder beetle
 17610 | D:11     | Noticed a two-headed ogre
 17647 | D:11     | Killed a two-headed ogre
 17679 | D:11     | Noticed a boulder beetle
 17698 | D:11     | Killed a boulder beetle
 17879 | D:11     | Hit by a large rock thrown by a cyclops

Illustrated notes

Levels and vault maps discovered:
D:1:      dpeg_arrival_orchard, layout_loops_ring
D:2:      layout_rooms, basic_altar
D:3:      layout_loops_ring, good_gods_mini_temple,
          shapermc_ecumenical_altar_notcrosses, serial_shops, shop, shop, shop,
          shop, nicolae_shop_stone, roderic_malta_cross, st_stairs_1,
          nrook_campfire, item_on_display_a, uniq_crazy_yiuf_cottage,
          uniq_natasha, uniq_ijyb, uniq_jessica
D:4:      layout_basic, riverfiend_overflow_shadow_ancestor, minitemple,
          nrook_mini_backslash, minmay_manual_monstrance, uniq_grinder
D:5:      layout_basic, serial_shops, kennysheep_mini,
          minmay_shop_enchanted_jewellery, minmay_joined_circles
D:6:      layout_loops_ring, lightli_sewer_entry_pipes
D:7:      layout_loops_ring, vehumet_crystals, temple_green, serial_shops,
          nicolae_lakefront_shop
D:8:      layout_basic, kennysheep_generic_room_11
D:9:      old_forge, layout_basic, lemuel_crystal_altar, uniq_amaemon,
          uniq_gastronok
D:10:     layout_roguey, kennysheep_mini_moat, erik_lair_dragon,
          muffindrake_ghost_dual_entry
D:11:     cheibrodos_fzero, layout_rooms
Temple:   hellmonk_temple_forest_ring

Skill      XL: |  1  2  3  4  5  6  7  8  9 10 11 12 |
---------------+-------------------------------------+-----
Summonings     | 5 6 7 8 9 11 14 15 | 15.0
Dodging        | 11 14 | 14.0
Spellcasting   | 5 |  5.7
Fighting       | 8 10 | 10.0
Stealth        | 4 5 |  5.0

Action                     |  1- 3 |  4- 6 |  7- 9 | 10-12 || total
---------------------------+-------+-------+-------+-------++-------
  Melee: Staff             |    89 |       |       |       ||    89
         Short sword       |    12 |    94 |   193 |    86 ||   385
         Punch             |       |     3 |     6 |     3 ||    12
         Tailslap          |       |       |    13 |       ||    13
         Dagger            |       |       |     1 |    18 ||    19
         Double sword      |       |       |       |    16 ||    16
   Cast: Summon Small Mamm |    47 |     3 |     1 |       ||    51
         Call Imp          |     2 |     9 |     3 |       ||    14
         Call Canine Famil |       |    20 |    52 |    39 ||   111
         Summon Guardian G |       |     1 |    18 |    18 ||    37
         Summon Lightning  |       |       |       |    63 ||    63
    Use: Scroll            |       |     2 |     2 |    18 ||    22
         Potion            |       |     1 |       |     2 ||     3
   Stab: Distracted        |     2 |       |     1 |     2 ||     5
         Sleeping          |     1 |     3 |     2 |     1 ||     7
 Armour: Robe              |    30 |    16 |    12 |       ||    58
         Leather armour    |       |       |    17 |    38 ||    55
  Dodge: Dodged            |   104 |    77 |    96 |   138 ||   415
